 Dungeon Crawl Stone Soup version 0.28-a0-925-gd5e1996cdb (webtiles) character file.

Game seed: 12023007120081968699

5797 Leszczynek the Cleaver (level 11, -22/89 HPs)
             Began as a Human Gladiator on Nov 5, 2021.
             Was a Priest of Okawaru.
             Killed from afar by an ogre mage (32 damage)
             ... with a bolt of magma
             ... on level 11 of the Dungeon on Nov 26, 2021.
             The game lasted 00:49:13 (6599 turns).

Leszczynek the Cleaver (Human Gladiator)            Turns: 6599, Time: 00:49:14

Health: -22/89     AC: 12    Str: 17    XL:     11   Next: 6%
Magic:  12/14      EV: 17    Int:  9    God:    Okawaru [***...]
Gold:   400        SH:  0    Dex: 15    Spells: 9/10 levels left

rFire   . . .      SeeInvis .   a - +0 war axe
rCold   . . .      Faith    .   (no shield)
rNeg    . . .      Spirit   .   A - +0 scale mail
rPois   .          Reflect  .   c - +2 helmet
rElec   .          Harm     .   (no cloak)
rCorr   .          Rampage  .   K - +1 pair of gloves
Will    .....                   (no boots)
Stlth   ++........              o - amulet of regeneration
HPRegen 1.04/turn               z - +4 ring of evasion
MPRegen 0.14/turn               (no ring)

@: about to teleport, heroic
A: no striking features
a: Renounce Religion, Heroism


You were on level 11 of the Dungeon.
You worshipped Okawaru.
Okawaru was most pleased with you.
You visited 2 branches of the dungeon, and saw 12 of its levels.

You collected 400 gold pieces.

Inventory:

Hand Weapons
 a - a +0 war axe (weapon)
 b - a +0 hand crossbow
 f - a +2 vorpal great sword
 g - a +0 battleaxe
 G - a +1 dire flail
Missiles
 d - 2 throwing nets
 j - 16 poisoned darts (quivered)
 k - 5 boomerangs
 s - 65 bolts
 x - 6 atropa-tipped darts {god gift}
Armour
 c - a +2 helmet (worn)
 u - a +0 ring mail
 A - a +0 scale mail (worn)
 K - a +1 pair of gloves (worn)
Jewellery
 o - an amulet of regeneration (around neck)
 r - an amulet of guardian spirit
 z - a +4 ring of evasion (left hand)
Wands
 y - a wand of digging (6)
Scrolls
 e - 3 scrolls of magic mapping
 h - a scroll of fear {unknown}
 i - 2 scrolls of brand weapon {unknown}
 n - 2 scrolls of teleportation
 t - 3 scrolls of fog
 v - 3 scrolls of holy word {!r}
 B - 2 scrolls of vulnerability {unknown}
 C - a scroll of immolation {unknown}
Potions
 l - a potion of mutation {unknown}
 m - 4 potions of curing {@q1}
 p - a potion of might {unknown}
 q - a potion of brilliance
 w - a potion of berserk rage {unknown}
 D - 2 potions of attraction {unknown}
 E - a potion of cancellation {unknown}
 F - a potion of magic {unknown}
 H - a potion of ambrosia {unknown}
 I - 2 potions of flight {unknown}


   Skills:
 * Level 9.2(14.2) Fighting
 * Level 12.1(17.1) Axes
 - Level 4.1(9.1) Throwing
 - Level 3.0(8.0) Dodging
 + Level 4.7 Invocations


You had 9 spell levels left.
You knew the following spells:

 Your Spells              Type           Power      Damage    Failure   Level
A - Apportation           Tloc           0%         N/A       77%         1

Your spell library contained the following spells:

 Spells                   Type           Power      Damage    Failure   Level
 Magic Dart               Conj           0%         1d3       77%         1
 Pain                     Necr           0%         1d4       77%         1
 Slow                     Hex            0%         N/A       77%         1
 Corpse Rot               Necr/Air       0%         N/A       88%         2
 Poisonous Vapours        Pois/Air       0%         N/A       88%         2
 Searing Ray              Conj           0%         2d4       88%         2
 Confusing Touch          Hex            0%         N/A       98%         3
 Ozocubu's Armour         Ice            0%         N/A       98%         3
 Stone Arrow              Conj/Erth      0%         3d7       98%         3
 Vampiric Draining        Necr           0%         2d6       98%         3
 Fulminant Prism          Conj/Hex       0%         3d6       100%        4
 Agony                    Necr           0%         N/A       100%        5
 Excruciating Wounds      Necr           0%         N/A       100%        5
 Ozocubu's Refrigeration  Ice            0%         4d5       100%        7
 Lehudib's Crystal Spear  Conj/Erth      0%         10d2      100%        8
 Animate Skeleton         Necr           Unusable   N/A       N/A         1
 Summon Small Mammal      Summ           Unusable   N/A       N/A         1
 Animate Armour           Summ/Erth      Unusable   N/A       N/A         4

Dungeon Overview and Level Annotations

Branches:
Dungeon (11/15)            Temple (1/1) D:5            Lair (0/6) D:11
    Orc: D:9-12

Altars:
Ashenzari
Cheibriados
Dithmenos
Elyvilon
Fedhas
Gozag
Hepliaklqana
Kikubaaqudgha
Makhleb
Nemelex Xobeh
Okawaru
Qazlal
Sif Muna
Trog
Vehumet
Wu Jian
Xom
Yredelemnul
Zin
The Shining One

Shops:
D:3 *

Annotations:
D:2 Robin
D:4 Edmund


Message History

The centaur kicks you but does no damage.
The centaur warrior shoots an arrow.
The arrow hits you but does no damage.
The boulder beetle completely misses you.
The centaur hits you.
The centaur kicks you but does no damage.
The centaur warrior shoots an arrow.
The arrow hits you!!
* * * LOW HITPOINT WARNING * * *
The ogre mage casts a spell.
The ogre mage flickers and vanishes!
Deactivating autopickup; reactivate with Ctrl-A.
An orc wizard comes into view. It is wielding a +0 dagger.
You can move again.
There is a stone staircase leading up, spattered with blood here.
Unknown command.
Enter note: >6 turns The centaur wields a +0 shortbow.
The centaur shoots an arrow.
The arrow completely misses you.
The boulder beetle curls into a ball and begins rolling!
The centaur zaps a wand.
The puff of flame hits you!
* * * LOW HITPOINT WARNING * * *
You feel much better. The boulder beetle hits you!
* * * LOW HITPOINT WARNING * * *
The boulder beetle stops rolling and uncurls.
Unknown command.
Okay, then.
Okay, then.
You gain the combat prowess of a mighty hero.
The boulder beetle leaps!
The centaur warrior shoots an arrow.
The arrow hits you!
* * * LOW HITPOINT WARNING * * *
The orc knight shouts!
Unknown command.
Unknown command.
As you read the scroll of teleportation, it crumbles to dust.
You feel strangely unstable.
The centaur warrior shoots an arrow.
The boulder beetle curls into a ball and begins rolling!
You hear some strange, mumbled words.
A bolt of magma appears from out of thin air!
The bolt of magma hits you!!
You die...

##### .# #...# .#
#..## .# . #.#.##
.# .#
####@###.###.#
##{co..o.#
#.c...8.#
#..######.......#
○°°°B.○.....⌠.B....
#..######.......###
#.8...>.# #.......#
.###.###.# #..


You could see a boulder beetle (rolling), an orc knight, a centaur warrior, a
centaur and an orc wizard.

Vanquished Creatures
  A two-headed ogre (D:10)
  A troll (D:10)
  A hornet (D:8)
  A wraith (D:10)
  A vampire (D:8)
  8 yaks
  A steam dragon (D:7)
  A water moccasin (D:7)
  3 orc warriors
  A hornet zombie (D:7)
  A necrophage (D:9)
  An ogre (D:5)
  3 centaurs
  A phantom (D:5)
  A kobold brigand (D:5)
  8 bullfrogs
  A water moccasin zombie (D:6)
  4 scorpions
  A wyvern zombie (D:9)
  A water moccasin skeleton (D:6)
  7 killer bees
  A wight (D:9)
  4 centaur zombies
  A hound (D:4)
  3 orc priests
  A centaur skeleton (D:7)
  A gnoll shaman (D:5)
  4 iguanas
  13 orc wizards
  Natasha (twice) (D:3)
  A hound skeleton (D:4)
  2 howler monkey zombies
  4 gnolls (D:6)
  4 adders
  A shadow imp (D:7)
  3 adder skeletons
  19 orcs
  2 ball pythons
  7 endoplasms
  5 giant cockroaches
  6 hobgoblins
  2 quokkas (D:1)
  4 bats
  A frilled lizard (D:2)
  11 goblins
  7 kobolds
  3 rats
160 creatures vanquished.

Vanquished Creatures (others)
  6 fungi (D:11)
  5 plants (D:11)
  4 withered plants (D:9)
15 creatures vanquished.

Grand Total: 175 creatures vanquished

Notes
Turn   | Place    | Note
-------+----------+-------------------------------------------
     0 | D:1      | Leszczynek the Human Gladiator began the quest for the Orb.
     0 | D:1      | Reached XP level 1. HP: 16/16 MP: 1/1
     0 | D:1      | man I'm good at this game
   198 | D:1      | Reached XP level 2. HP: 18/22 MP: 2/2
   373 | D:2      | Reached skill level 4 in Axes
   373 | D:2      | Reached XP level 3. HP: 24/27 MP: 3/3
   575 | D:2      | Noticed Robin
   732 | D:2      | Reached XP level 4. HP: 16/33 MP: 4/4
   776 | D:3      | Noticed Natasha
   861 | D:3      | Killed Natasha
   862 | D:3      | Reached skill level 5 in Axes
  1120 | D:4      | HP: 3/33 [hound (5)]
  1122 | D:4      | Reached XP level 5. HP: 4/38 MP: 5/5
  1276 | D:4      | Noticed Edmund
  1303 | D:3      | Noticed Natasha
  1303 | D:3      | Found Zin's Purification Station.
  1303 | D:3      | Found a glowing silver altar of Zin.
  1307 | D:3      | Killed Natasha
  1392 | D:4      | Found a sparkling altar of Nemelex Xobeh.
  1414 | D:4      | Reached skill level 6 in Axes
  1425 | D:4      | Found an opulent altar of Gozag.
  1486 | D:4      | Reached XP level 6. HP: 31/44 MP: 6/6
  1645 | D:4      | Reached skill level 7 in Axes
  1833 | D:5      | Entered Level 5 of the Dungeon
  1865 | D:5      | Reached XP level 7. HP: 39/50 MP: 7/7
  1914 | D:5      | Found a staircase to the Ecumenical Temple.
  1961 | D:5      | Reached skill level 8 in Axes
  1970 | Temple   | Entered the Ecumenical Temple
  1991 | Temple   | Became a worshipper of Warmaster Okawaru
  2110 | D:5      | Found a bloodstained altar of Trog.
  2329 | D:5      | Reached skill level 3 in Fighting
  2461 | D:6      | Found a blossoming altar of Fedhas.
  2480 | D:6      | Reached XP level 8. HP: 32/60 MP: 8/8
  2557 | D:6      | Reached skill level 4 in Fighting
  2800 | D:5      | Found a snail-covered altar of Cheibriados.
  2976 | D:5      | where are the other stairs lol
  3029 | D:6      | Reached skill level 5 in Fighting
  3215 | D:5      | Reached skill level 3 in Throwing
  3260 | D:5      | Reached * piety under Okawaru
  3485 | D:5      | Reached skill level 6 in Fighting
  3485 | D:5      | Reached skill level 1 in Invocations
  3625 | D:6      | Reached XP level 9. HP: 58/71 MP: 10/10
  3640 | D:6      | Reached skill level 2 in Invocations
  3642 | D:6      | Reached skill level 4 in Throwing
  3910 | D:7      | Upgraded the game from 0.28-a0-794-gafe8c5f9e9 to
                  | 0.28-a0-925-gd5e1996cdb
  3971 | D:7      | Reached skill level 3 in Invocations
  4015 | D:7      | Reached ** piety under Okawaru
  4016 | D:7      | Reached skill level 7 in Fighting
  4253 | D:8      | Identified the +3 robe "Fanedeth" {rElec}
  4362 | D:8      | Reached skill level 9 in Axes
  4474 | D:9      | Reached skill level 4 in Invocations
  4569 | D:8      | Noticed a hornet
  4570 | D:8      | rly
  4584 | D:8      | Reached XP level 10. HP: 79/80 MP: 13/13
  4590 | D:8      | Paralysed by a hornet for 3 turns
  4601 | D:8      | Reached skill level 8 in Fighting
  4604 | D:8      | Paralysed by a hornet for 2 turns
  4607 | D:8      | HP: 11/80 [hornet (10)]
  4758 | D:8      | Reached skill level 10 in Axes
  4943 | D:9      | Reached *** piety under Okawaru
  5024 | D:9      | Reached skill level 11 in Axes
  5043 | D:9      | Received a gift from Okawaru
  5055 | D:9      | Found an ancient bone altar of Kikubaaqudgha.
  5288 | D:10     | Entered Level 10 of the Dungeon
  5336 | D:10     | Found a white marble altar of Elyvilon.
  5390 | D:10     | Found a basalt altar of Yredelemnul.
  5578 | D:11     | Noticed an orc knight
  5579 | D:11     | the good news, he has a broad axe
  5579 | D:11     | the bad news, well...
  5579 | D:11     | :)
  5732 | D:11     | Found a staircase to the Lair.
  5761 | D:11     | Reached skill level 12 in Axes
  5868 | D:11     | Noticed a skeletal warrior
  5981 | D:10     | Noticed a two-headed ogre
  5996 | D:10     | HP: 15/82 [two-headed ogre (31)]
  5996 | D:10     | HP: 1/82 [two-headed ogre (14)]
  6062 | D:10     | Killed a two-headed ogre
  6063 | D:10     | Reached skill level 9 in Fighting
  6063 | D:10     | Reached XP level 11. HP: 73/89 MP: 11/14
  6186 | D:8      | Paralysed by a hornet for 1 turns
  6195 | D:8      | Paralysed by a hornet for 1 turns
  6378 | D:3      | Found a glowing golden altar of the Shining One.
  6578 | D:11     | Learned a level 1 spell: Apportation
  6584 | D:11     | Noticed an ogre mage
  6586 | D:11     | Noticed a boulder beetle
  6589 | D:11     | Paralysed by an ogre mage for 6 turns
  6590 | D:11     | Noticed a centaur warrior
  6594 | D:11     | HP: 14/89 [centaur warrior/arrow (23)]
  6595 | D:11     | >6 turns
  6599 | D:11     | Killed from afar by an ogre mage

Illustrated notes ####### .......## ≈≈≈.....# ≈≈≈≈....# >$≈≈...@# ≈≈≈≈....# ≈≈≈.....# .......## ####### Turn 0 on D:1: man I'm good at this game

#.......#....##.###.#
#.......####..#..##..#
#..........##..#.###.#
#...o....#..##.#.# #.#
#........##.##.#.###.#
#................)##.#
############.###<##.##..
#........# #.....##...#.
#......@.# ####.....#.##
#........# ####....#.
##.....### #......
#.....# #....#. #.....#
##...#. #.....####
##.... #........###
##... #.....##...###
##.. #.....####...# ##.


Turn 2976 on D:5: where are the other stairs lol ..( .. # . .#V#y# #. . ......
#..####. #.#.#.# #### .....# ..F.. .... ...# ... #### #######.###.######
..........@....... #############.###+###### ........#...#.# #...........#.#
..#####.#...#.# #.# #.#.#.#.# #..# #.#.#...# ##.# #.#.#...# .. #.#.#<..# Turn
4570 on D:8: rly ## .# #.. .# ..# .# . #.# .# .# #.###.###.# #.......# #.<...8.#
#..@....# ........⌠...... #####.......### #.8...>.# #....c..# .###.###.# .# .#
#.# .# .# #o Turn 5579 on D:11: the good news, he has a broad axe ##### .# #...#
.# #..## .# . #.#.## o# .# ####.###.###.# ##..c..c.# #.@...8.# #..######B......#
○°°°B.○.....⌠...... #..######....{..### #.8...>.# #.......# # .###.###.# #.. .#
.# #.# #.. .# .# #. #.. Turn 6595 on D:11: >6 turns

Levels and vault maps discovered:
D:1:      lemuel_arrival_lava_pool, layout_basic
D:2:      kennysheep_big_flooded_room, layout_basic, serial_shops, shop,
          corexii_hall_statues_i, uniq_robin
D:3:      layout_basic, zin_purify, lemuel_round_altar, uniq_natasha
D:4:      layout_loops_ring, grunt_temple_overflow_opulence,
          kennysheep_pointless_box, feat_on_display, uniq_edmund
D:5:      layout_rooms, mainiacjoe_overflow_tiny_flanked,
          trog_three_pillars_becter, minmay_temple_entry_statues_pillars
D:6:      layout_rooms, lemuel_crystal_altar, nicolae_ru_the_path_less_chosen,
          serial_rivers, chequers_serial_rivers_micro_e,
          chequers_serial_rivers_micro_c, chequers_serial_rivers_micro_a,
          chequers_serial_rivers_marsh, chequers_serial_rivers_micro_b
D:7:      layout_cave_pools, hex_tiny
D:8:      layout_basic, st_stairs_10, nicolae_benzene_ring, minivault_14,
          centaur_isle
D:9:      layout_irregular_city, kiku_gazebo_pond_becter, serial_undead,
          serial_undead_f, serial_undead_d, serial_undead_a, serial_undead_b
D:10:     layout_basic, nicolae_uskayaw_dance_studio, marbit_many_paths,
          mainiacjoe_overflow_alcove_1
D:11:     minmay_inside_and_out, layout_basic, grunt_lair_entry_orc_guard_hut,
          minmay_orc_entry_temple_small, minmay_mirror_moons_of_madness,
          uniq_fannar
Temple:   eino_temple_lava

Skill      XL: |  1  2  3  4  5  6  7  8  9 10 |
---------------+-------------------------------+-----
Axes           | 4 5 6 7 8 9 12 | 12.1
Fighting       | 3 6 7 9 |  9.2
Throwing       | 3 4 |  4.1
Invocations    | 1 4 |  4.7
Dodging        | |  3.0

Action                   |  1- 3 |  4- 6 |  7- 9 | 10-12 || total
-------------------------+-------+-------+-------+-------++-------
Melee: War axe           |    92 |    88 |   302 |   221 ||   703
       Punch             |       |       |     3 |     1 ||     4
       Battleaxe         |       |       |       |     9 ||     9
 Fire: Hand crossbow     |       |       |    11 |     5 ||    16
Throw: Throwing net      |     1 |       |       |       ||     1
       Dart              |       |    14 |    32 |       ||    46
       Boomerang         |       |       |     1 |       ||     1
Invok: Heroism           |       |       |     8 |    10 ||    18
Evoke: Wand              |       |     5 |     5 |     6 ||    16
  Use: Scroll            |       |       |     7 |     7 ||    14
       Potion            |       |       |     2 |     6 ||     8
 Stab: Held in net/web   |     1 |       |       |       ||     1
Armor: Leather armour    |    24 |     7 |       |       ||    31
       Ring mail         |       |    15 |       |       ||    15
       Scale mail        |       |       |   121 |    72 ||   193
Dodge: Dodged            |    53 |    53 |   298 |   172 ||   576

Table legend: (Time is in decaauts)
 A = Elapsed time spent in this place.
 B = Non-inter-level travel time spent in this place.
 C = Inter-level travel time spent in this place.
 D = Time resting spent in this place.
 E = Time spent auto-exploring this place.
 F = Levels seen in this place.
 G = Mean time per level.
                   A        B        C        D        E       F      G
               +--------+--------+--------+--------+--------+-----+--------+
         Total |   6849 |   6192 |    657 |    119 |      0 |  12 |  570.8 |
       Dungeon |   6818 |   6169 |    649 |    119 |      0 |  11 |  619.8 |
        Temple |     30 |     22 |      8 |      0 |      0 |   1 |   30.0 |
               +--------+--------+--------+--------+--------+-----+--------+

Top non-repeatable levels by time:
     D:5: 1112 daAuts
     D:4: 1056 daAuts
     D:2: 782 daAuts
     D:6: 732 daAuts
    D:10: 604 daAuts
     D:9: 594 daAuts
     D:8: 558 daAuts
     D:7: 525 daAuts
    D:11: 330 daAuts
     D:1: 283 daAuts
     D:3: 238 daAuts
  Temple: 30 daAuts
